 Dungeon Crawl Stone Soup version 0.17.1-3-g152610e (webtiles) character file.

210 kaze the Ruffian (level 5, 0/53 HPs)
             Began as a Troll Berserker on Mar 7, 2016.
             Was a Believer of Trog.
             Slain by a quokka (2 damage)
             ... on level 5 of the Dungeon.
             The game lasted 00:06:33 (2481 turns).

kaze the Ruffian (Troll Berserker)                  Turns: 2481, Time: 00:06:33

Health: 0/53       AC:  5    Str: 26    XL:     5   Next: 57%
Magic:  4/4        EV: 11    Int:  3    God:    Trog [**....]
Gold:   66         SH:  0    Dex: 12    Spells: 0 memorised, 4 levels left

rFire  . . .     SeeInvis .     n - -3 hand axe (curse)
rCold  . . .     Clarity  .     a - +0 animal skin
rNeg   . . .     SustAt   .     (no shield)
rPois  .         Gourm    +     (helmet restricted)
rElec  .         Spirit   .     (no cloak)
rCorr  .         Warding  .     (gloves unavailable)
rMut   .         Stasis   .     (boots unavailable)
MR     .....                    (no amulet)
Stlth  +.........               (no ring)
                                j - +3 ring of dexterity

@: lethally poisoned (0 -> 0), exhausted, slowed, very slow, not resistant to
hostile enchantments, very unstealthy
A: unfitting armour, claws 3, fast metabolism 3, gourmand, regeneration 2,
shaggy fur 1, tough skin 2
a: Berserk, Trog's Hand, Burn Spellbooks, Renounce Religion


You were on level 5 of the Dungeon.
You worshipped Trog.
Trog was pleased with you.
You were very full.

You visited 1 branch of the dungeon, and saw 5 of its levels.

You collected 66 gold pieces.

Inventory:

Hand Weapons
 n - a cursed -3 hand axe (weapon)
Armour
 a - a +0 animal skin (worn)
Jewellery
 e - an uncursed amulet of clarity {unknown}
 j - a +3 ring of dexterity (left claw)
Wands
 h - a wand of frost (33)
Scrolls
 k - 2 scrolls of teleportation
Potions
 c - 2 potions of lignification
 d - 3 potions of curing {unknown}
 i - a potion of invisibility {unknown}
 l - 2 potions of cure mutation {unknown}
 m - a potion of flight {unknown}
Comestibles
 b - 5 bread rations
 f - 2 meat rations
 g - 2 fruits
 o - 3 chunks of flesh


   Skills:
 + Level 3.3 Fighting
 + Level 0.7 Axes
 + Level 3.8 Dodging
 - Level 0.1 Stealth
 + Level 4.1 Unarmed Combat


You had 4 spell levels left.
You didn't know any spells.

Dungeon Overview and Level Annotations

Branches:
Dungeon (5/15)
 Temple: D:4-7

Altars:
Ru
Xom

Shops:
D:5 [


Innate Abilities, Weirdness & Mutations

You are too large for most types of armour.
You have claws for hands.
Your metabolism is lightning-fast.
You like to eat raw meat.
You heal very quickly.
You are covered in fur (AC +1).
You have very tough skin (AC +2).


Message History

The adder barely misses you. The adder bites you.
* * * LOW HITPOINT WARNING * * *
You are poisoned.
The adder poisons you! The quokka bites you.
* * * LOW HITPOINT WARNING * * *
You closely miss the quokka.
The quokka is severely wounded.
You hit the adder but do no damage.
You feel sick. The adder misses you. The quokka closely misses you.
The adder bites you.
* * * LOW HITPOINT WARNING * * *
The quokka bites you.
* * * LOW HITPOINT WARNING * * *
The orc wizard gestures wildly while chanting.
The orc wizard seems to speed up.
You completely miss the quokka.
The quokka is heavily wounded.
You closely miss the adder.
You feel sick. The adder bites you.
* * * LOW HITPOINT WARNING * * *
The quokka bites you.
You die...

# ## .# .###..#
>...... #.
###....... #.
#........) #..
##r@.# ##..
#####oS###
.#...#####....o##
.....>..##.##.##
...............#
##....)....#
#.....∩...#
#.........#
#.........#


You could see an orc wizard, an adder, an orc and a quokka.

Vanquished Creatures
  A hound (D:4)
  An orc priest (D:3)
  An orc wizard (D:4)
  5 adders
  An ooze (D:2)
  4 worms
  5 giant geckos
  7 orcs
  2 giant cockroaches
  10 goblins
  9 hobgoblins
  A kobold (D:3)
  A ball python (D:2)
  5 bats
  3 giant newts
  A quokka (D:3)
  9 rats
66 creatures vanquished.

Notes
Turn   | Place    | Note
--------------------------------------------------------------
     0 | D:1      | kaze the Troll Berserker began the quest for the Orb.
     0 | D:1      | Reached XP level 1. HP: 22/22 MP: 0/0
   396 | D:1      | Reached XP level 2. HP: 29/29 MP: 1/1
   942 | D:2      | Reached XP level 3. HP: 36/36 MP: 2/2
   992 | D:2      | Reached ** piety under Trog
  1107 | D:2      | Found a sacrificial altar of Ru.
  1236 | D:2      | Reached XP level 4. HP: 45/45 MP: 3/3
  1583 | D:3      | Found a shimmering altar of Xom.
  1706 | D:3      | Reached skill level 4 in Unarmed Combat
  2032 | D:3      | Reached XP level 5. HP: 30/53 MP: 4/4
  2391 | D:4      | Reached *** piety under Trog
  2457 | D:4      | You fall through a shaft!
  2457 | D:5      | Entered Level 5 of the Dungeon
  2457 | D:5      | Found Wailout's Antique Armour Shop.
  2481 | D:5      | HP: 2/53 [adder (2)]
  2481 | D:5      | Slain by a quokka

Action                   |  1- 3 |  4- 6 || total
-------------------------+-------+-------++-------
Melee: Unarmed           |    89 |    12 ||   101
       Hand axe          |       |   108 ||   108
Invok: Berserk           |       |     3 ||     3
       Trog's Hand       |       |     1 ||     1
  Use: Scroll            |       |     6 ||     6
 Stab: Sleeping          |       |     1 ||     1
  Eat: Chunk             |    17 |    13 ||    30
